 Dungeon Crawl Stone Soup version 0.22-a0-322-g60b3cfd402 (webtiles) character file.

1509 RedPan the Insei (level 8, -9/58 HPs)
             Began as a Demonspawn Monk on Apr 4, 2018.
             Splashed by a brown ugly thing's acid (12 damage)
             ... on level 6 of the Dungeon.
             The game lasted 00:10:57 (6451 turns).

RedPan the Insei (Demonspawn Monk)                  Turns: 6451, Time: 00:10:57

Health: -9/58      AC:  4    Str: 18    XL:     8   Next: 53%
Magic:  0/7        EV: 15    Int: 11    God:
Gold:   239        SH:  0    Dex: 16    Spells: 7/7 levels left

rFire    + . .     SeeInvis .     - Unarmed
rCold    + . .     Gourm    .   (no shield)
rNeg     . . .     Faith    .   k - +1 leather armour {rF+}
rPois    .         Spirit   +   (helmet restricted)
rElec    .         Reflect  .   i - scarf {Spirit}
rCorr    .         Harm     .   (no gloves)
MR       .....                  (no boots)
Stlth    ++++......             g - amulet of magic regeneration
HPRegen  0.19/turn              a - +4 ring of strength
MPRegen  0.35/turn              (no ring)

@: no status effects
A: antennae 1, cold resistance 1, foul stench 1, low mp 1, nightstalker 2, rot
immunity, MP-powered wands, sturdy frame 1
a: no special abilities


You were on level 6 of the Dungeon.
You were hungry.

You visited 1 branch of the dungeon, and saw 6 of its levels.

You collected 239 gold pieces.

Inventory:

Armour
 i - a scarf of spirit shield (worn)
 k - a +1 leather armour of fire resistance (worn)
Jewellery
 a - a +4 ring of strength (left hand)
 g - an amulet of magic regeneration (around neck)
Wands
 e - a wand of flame (23)
 f - a wand of random effects (19)
Scrolls
 h - 3 scrolls of enchant weapon
 j - a scroll of amnesia
Potions
 c - 3 potions of curing
Comestibles
 b - 13 rations
 d - 10 chunks of flesh


   Skills:
 - Level 3.0 Fighting
 + Level 4.2 Armour
 + Level 5.6 Dodging
 - Level 1.7 Stealth
 * Level 7.6 Unarmed Combat


You had 7 spell levels left.
You didn't know any spells.

Dungeon Overview and Level Annotations

Branches:
Dungeon (6/15)
 Temple: D:4-7

Altars:
Elyvilon
Nemelex Xobeh


Innate Abilities, Weirdness & Mutations

You have a pair of small antennae on your head.
You may emit foul miasma when damaged in melee.
You are significantly more attuned to the shadows.
You are immune to rotting.
Your movements are slightly less encumbered by armour. (ER -2)
Your flesh is cold resistant. (rC+)
Your magical capacity is low. (-10% MP)
You expend magic power (3 MP) to strengthen your wands.


Message History

You hit the brown ugly thing.
The brown ugly thing is moderately wounded.
The centaur warrior skeleton misses you.
The crimson imp hits you. The brown ugly thing claws you!
* * * LOW HITPOINT WARNING * * *
You are splashed with acid!
The acid burns!
* * * LOW HITPOINT WARNING * * *
The centaur warrior skeleton misses you.
The crimson imp completely misses you.
The crimson imp blinks!
The centaur warrior skeleton hits you.
* * * LOW HITPOINT WARNING * * *
Evoke which item? (* to show all) (? for menu, Esc to quit)
Aiming: Random Effects
Press: ? - help, Shift-Dir - straight line, f - brown ugly thing
Aim: a brown ugly thing (moderately wounded, sick)
The brown ugly thing seems to speed up.
You feel a slight surge of power. The brown ugly thing claws you.
* * * LOW HITPOINT WARNING * * *
You are splashed with acid!
The acid burns!
You die...

#...#.....'.....
#...'<....#....#
+...#.....######
#...#......######
#...............#
#.####.....####.#
#. ##...##.)#
##.##...# #@#)..#
+#u#÷.##
..###§Z(###..
......85.....
..###..Y###..
#.'#.#')#
#...#.#...#
#...##.##...#
#[.# ...##.$#


You could see a brown ugly thing, an ice beast, a crimson imp and a centaur
warrior skeleton.

Vanquished Creatures
  Grinder (D:3)
  Eustachio (D:5)
  Duvessa (D:5)
  A phantom (D:4)
  An ogre (D:4)
  2 centaurs
  A bullfrog (D:6)
  Dowan (D:5)
  A scorpion (D:5)
  2 howler monkeys (D:5)
  2 jellies
  An orc priest (D:4)
  A centaur skeleton (D:4)
  3 orc wizards
  6 worker ants
  A hound skeleton (D:5)
  2 adders
  An ooze (D:2)
  An adder skeleton (D:5)
  5 worms
  2 dart slugs (D:1)
  5 leopard geckos
  12 orcs
  5 giant cockroaches
  11 hobgoblins
  5 jackals
  2 quokkas
  11 bats
  3 frilled lizards
  A giant cockroach zombie (D:5)
  8 goblins
  4 kobolds
  2 leopard gecko skeletons (D:5)
  2 quokka skeletons (D:4)
  A quokka zombie (D:5)
  13 rats
122 creatures vanquished.

Vanquished Creatures (others)
  A jackal (D:6)
1 creature vanquished.

Grand Total: 123 creatures vanquished

Notes
Turn   | Place    | Note
-------+----------+-------------------------------------------
     0 | D:1      | RedPan the Demonspawn Monk began the quest for the Orb.
     0 | D:1      | Reached XP level 1. HP: 18/18 MP: 1/1
   226 | D:1      | Reached skill level 3 in Unarmed Combat
   235 | D:1      | Gained mutation: You are slightly more attuned to the shadows. [demonic ancestry]
   235 | D:1      | Reached XP level 2. HP: 21/24 MP: 2/2
   953 | D:2      | Gained mutation: You are immune to rotting. [demonic ancestry]
   953 | D:2      | Reached XP level 3. HP: 29/29 MP: 3/3
  1652 | D:2      | Reached skill level 4 in Unarmed Combat
  1652 | D:2      | Gained mutation: You have a pair of small antennae on your head. [demonic ancestry]
  1652 | D:2      | Reached XP level 4. HP: 35/35 MP: 4/4
  1999 | D:3      | Gained mutation: Your magical capacity is low. (-10% MP) [potion of mutation]
  1999 | D:3      | Gained mutation: You expend magic power (3 MP) to strengthen your wands. [potion of mutation]
  1999 | D:3      | Gained mutation: Your movements are slightly less encumbered by armour. (ER -2) [potion of mutation]
  1999 | D:3      | Gained mutation: Your flesh is cold resistant. (rC+) [potion of mutation]
  2338 | D:3      | Noticed a centaur
  2369 | D:3      | Killed a centaur
  2369 | D:3      | Reached skill level 1 in Armour
  2369 | D:3      | Mutation became permanent: Your movements are slightly less encumbered by armour. (ER -2) [demonic ancestry]
  2369 | D:3      | Gained mutation: Your movements are slightly less encumbered by armour. (ER -2) [demonic ancestry]
  2369 | D:3      | Reached XP level 5. HP: 23/41 MP: 4/4
  2781 | D:3      | Noticed Grinder
  2933 | D:3      | Paralysed by Grinder for 7 turns
  2944 | D:3      | Paralysed by Grinder for 7 turns
  2960 | D:3      | Killed Grinder
  2960 | D:3      | Reached skill level 5 in Unarmed Combat
  2960 | D:3      | Gained mutation: You are significantly more attuned to the shadows. [demonic ancestry]
  2960 | D:3      | Reached XP level 6. HP: 26/47 MP: 5/5
  3574 | D:4      | Found a sparkling altar of Nemelex Xobeh.
  4188 | D:4      | Reached XP level 7. HP: 49/52 MP: 6/6
  4398 | D:4      | Reached skill level 6 in Unarmed Combat
  4718 | D:4      | Found a white marble altar of Elyvilon.
  4881 | D:5      | Entered Level 5 of the Dungeon
  5094 | D:5      | Noticed Duvessa
  5097 | D:5      | Noticed Dowan
  5115 | D:5      | Killed Duvessa
  5135 | D:5      | Killed Dowan
  5135 | D:5      | Reached skill level 5 in Dodging
  5543 | D:5      | Gained mutation: You may emit foul miasma when damaged in melee. [demonic ancestry]
  5543 | D:5      | Reached XP level 8. HP: 56/58 MP: 7/7
  5697 | D:5      | Reached skill level 7 in Unarmed Combat
  6034 | D:5      | Noticed Eustachio
  6043 | D:5      | Killed Eustachio
  6438 | D:6      | Noticed a brown ugly thing
  6451 | D:6      | Splashed by a brown ugly thing's acid

Vault maps used:
D:1:      onia_arrival_pentagram
D:3:      first_ration, serial_bayou_pond_d, nrook_uturn,
          hangedman_abyss_or_decor_lesser_grid, uniq_grinder
D:4:      grunt_temple_overflow_open
D:5:      uniq_duvessa, uniq_eustachio
D:6:      cheibrodos_barr_body

Skill      XL: |  1  2  3  4  5  6  7  8 |
---------------+-------------------------+-----
Unarmed Combat | 3 4 5 6 7 |  7.6
Dodging        | 3 4 5 |  5.6
Armour         | 1 2 3 4 |  4.2
Fighting       | |  3.0
Stealth        | |  1.7

Action                   |  1- 3 |  4- 6 |  7- 9 || total
-------------------------+-------+-------+-------++-------
Melee: Unarmed           |   168 |   160 |   239 ||   567
       Punch             |       |     4 |     7 ||    11
Evoke: Wand              |       |       |     1 ||     1
  Use: Scroll            |       |     8 |     3 ||    11
       Potion            |       |     3 |       ||     3
 Stab: Sleeping          |    13 |     6 |     5 ||    24
       Distracted        |       |     1 |       ||     1
  Eat: Chunk             |     2 |     5 |     7 ||    14
       Ration            |       |     1 |       ||     1
Armor: Robe              |    26 |     3 |       ||    29
       Ring mail         |       |    20 |    37 ||    57
       Skin              |       |     8 |       ||     8
       Leather armour    |       |       |     5 ||     5
Dodge: Dodged            |   109 |    93 |   138 ||   340

Table legend:
 A = Spawn XP
 B = Non-spawn XP
 C = Spawn XP percentage of total XP
 D = Spawn monster count
 E = Non-spawn monster count
 F = Spawn count percentage of total count
 G = Total turns spent on level
                    A         B        C        D         E        F      G
               +---------+---------+-------+---------+---------+-------+---------
         Total |       0 |    2157 |   0.0 |       0 |     122 |   0.0 |  6451
               +---------+---------+-------+---------+---------+-------+---------
           D:1 |       0 |      40 |   0.0 |       0 |      26 |   0.0 |   948
           D:2 |       0 |      75 |   0.0 |       0 |      28 |   0.0 |  1106
           D:3 |       0 |     434 |   0.0 |       0 |      17 |   0.0 |  1306
           D:4 |       0 |     545 |   0.0 |       0 |      23 |   0.0 |  1693
           D:5 |       0 |     818 |   0.0 |       0 |      21 |   0.0 |  1096
           D:6 |       0 |     245 |   0.0 |       0 |       7 |   0.0 |   302
               +---------+---------+-------+---------+---------+-------+---------
